Construct Infanterie Kompanie
Selects Luftwaffe Battlegroup
Selects Luftwaffe Pioneer Support
Fallschirmpioneer Squad Paradrop
Selects LG40 Recoilless Gun Paradrop
Construct Panzergrenadier Kompanie
LG40 Recoilless Gun Paradrop
Panzergrenadier Officer Quarters
LG40 Recoilless Gun Paradrop
Construct Panzer Kompanie
Selects Infantry Reserves
Selects Reconnaissance Run
Selects Fallschirmjäger Squad Paradrop
Pak 40 Anti-tank Gun Team